 Dungeon Crawl Stone Soup version 0.30-a0-1066-g63dfefce0d (webtiles) character file.

Game seed: 13876972726103361162

207 Zeldest the Vexing (level 6, 0/47 HPs)
             Began as a Formicid Hexslinger on Apr 13, 2023.
             Was a Believer of Yredelemnul.
             Succumbed to a scorpion's poison
             ... on level 4 of the Dungeon.
             The game lasted 00:03:41 (3337 turns).

Zeldest the Vexing (Formicid Hexslinger)            Turns: 3337, Time: 00:03:42

Health: 0/47       AC:  9    Str: 17    XL:     6   Next: 10%
Magic:  8/8        EV: 10    Int: 12    God:    Yredelemnul [**....]
Gold:   205        SH:  0    Dex: 14    Spells: 6/7 levels left

rFire   . . .      SeeInvis +    j - +0 hand axe
rCold   . . .      Faith    .    (no shield)
rNeg    . . .      Spirit   .    p - +0 scale mail
rPois   .          Reflect  .    (helmet unavailable)
rElec   .          Rampage  .    (no cloak)
rCorr   .                        n - +0 pair of gloves
Will    .....                    h - +0 pair of boots Stlth
                                 (no amulet)
HPRegen 0.27/turn                f - ring of flight
MPRegen 0.11/turn                (no ring)

@: lethally poisoned (0 -> -3), flying
A: permanent stasis, dig shafts and tunnels, antennae 3, four strong arms
a: Dig, Shaft Self, Renounce Religion, Recall Undead Harvest, Dark Bargain


You were on level 4 of the Dungeon.
You worshipped Yredelemnul.
Yredelemnul was noncommittal.
You visited 1 branch of the dungeon, and saw 4 of its levels.

You collected 205 gold pieces.

Inventory:

Hand Weapons
 j - a +0 hand axe (weapon)
Armour
 h - a +0 pair of boots (worn)
 n - a +0 pair of gloves (worn)
 p - a +0 scale mail (worn)
Jewellery
 c - a ring of fire
 f - a ring of flight (left hand)
 q - a ring of resist corrosion
Scrolls
 a - 4 scrolls of identify {unknown}
 b - a scroll of poison
 d - 3 scrolls of teleportation {unknown}
 e - a scroll of magic mapping {unknown}
 g - 2 scrolls of enchant armour {unknown}
 k - a scroll of immolation {unknown}
 o - a scroll of butterflies {unknown}


   Skills:
 + Level 3.6 Fighting
 - Level 2.0 Ranged Weapons
 + Level 3.3 Armour
 - Level 1.7 Dodging
 - Level 1.1 Spellcasting
 - Level 3.6 Hexes
 + Level 3.3 Invocations


You had 6 spell levels left.
You knew the following spells:

 Your Spells              Type           Power      Damage    Failure   Level
a - Slow                  Hex            36%        N/A       22%         1

Your spell library contained the following spells:

 Spells                   Type           Power      Damage    Failure   Level
 Summon Small Mammal      Summ           0%         N/A       69%         1
 Inner Flame              Hex/Fire       5%         N/A       80%         3
 Portal Projectile        Hex/Tloc       10%        N/A       80%         3
 Summon Guardian Golem    Hex/Summ       5%         N/A       80%         3
 Lesser Beckoning         Tloc           0%         N/A       83%         2
 Momentum Strike          Conj/Tloc      0%         3d8       83%         2
 Cause Fear               Hex            4%         N/A       92%         4
 Call Canine Familiar     Summ           0%         N/A       96%         3
 Blink                    Tloc           Unusable   N/A       N/A         2

Dungeon Overview and Level Annotations

Branches:
Dungeon (4/15) Zot: 20598
 Temple: D:4-7

Altars:
Wu Jian
Yredelemnul

Shops:
D:1 =


Innate Abilities, Weirdness & Mutations

You cannot be hasted, slowed, berserked, paralysed or teleported.
You can dig through walls and to a lower floor.
You have a pair of large antennae on your head. (SInv)
Your four strong arms can wield two-handed weapons with a shield.


Message History

The scorpion closely misses you.
Your adder zombie bites the scorpion but does no damage.
The gnoll misses your adder zombie.
Your hobgoblin zombie hits the scorpion.
It was a potion of cancellation.
Your magical effects are unravelling.
You feel magically purged.
You flicker back into view.
You feel a little less mighty now.
* * * LOW HITPOINT WARNING * * *
You feel sick.
The scorpion stings you but does no damage.
Your adder zombie barely misses the scorpion.
The gnoll closely misses your adder zombie.
The scorpion closely misses you.
You hit the scorpion.
The scorpion is severely wounded.
* * * LOW HITPOINT WARNING * * *
You feel sick.
Your adder zombie bites the scorpion but does no damage.
The gnoll hits your adder zombie with a +0 halberd!
Your hobgoblin zombie hits the scorpion.
The scorpion stings you.
* * * LOW HITPOINT WARNING * * *
Your adder zombie closely misses the scorpion.
The gnoll hits your adder zombie with a +0 halberd!
Your adder zombie is destroyed!
You hit the scorpion.
The scorpion is almost dead.
* * * LOW HITPOINT WARNING * * *
You feel sick. The scorpion closely misses you.
Your hobgoblin zombie closely misses the scorpion.
Your adder zombie barely misses the scorpion.
The gnoll barely misses your gnoll zombie.
The scorpion stings you but does no damage.
You hit the scorpion.
You kill the scorpion!
The dead are crawling!
You can now trade souls for undead servants.
You die...
Your body rises from the dead as a mindless zombie.

###....).#########
#.####.#......#.
#####.####.#...##.#>
#............#.##.#.
###.##)...##.#..).....
####....)g......#.#.##.#.
........Z#..#####......#.
####...#Z#..# ##...###.
#.....ZZ@#..# #...# ##
#.##.....ZZ.# #...#
#........# #...#
#........# #...#
........#.########...####
..##.##.#.#Z.............
s ... #.#................
.### ..###....Z.........
s .## ######Z#...#<##


You could see a gnoll (ally target), a friendly adder zombie, a friendly
scorpion zombie, a friendly hobgoblin zombie, 2 friendly gnoll zombies and a
friendly kobold zombie.

Vanquished Creatures
  A scorpion (D:4)
  A hound (D:4)
  Robin (D:3)
  2 gnolls (D:4)
  4 adders
  4 worms
  A dart slug (D:1)
  An orc (D:3)
  5 endoplasms
  2 giant cockroaches (D:2)
  12 goblins
  5 hobgoblins
  3 jackals (D:4)
  3 quokkas
  5 ball pythons
  3 bats
  7 kobolds
60 creatures vanquished.

Vanquished Creatures (collateral kills)
  A gnoll (D:4)
  2 adders (D:2)
  An endoplasm (D:3)
  A giant cockroach (D:4)
  A goblin (D:1)
  A kobold (D:4)
  A rat (D:1)
8 creatures vanquished.

Vanquished Creatures (others)
  A hound zombie (D:4)
  A worm zombie (D:2)
  An adder zombie (D:4)
  An endoplasm zombie (D:3)
  A giant cockroach zombie (D:4)
  4 goblin zombies (D:3)
  2 hobgoblin zombies (D:3)
  2 jackal zombies (D:4)
  An orc zombie (D:3)
  A plant (D:1)
15 creatures vanquished.

Grand Total: 83 creatures vanquished

Notes
Turn   | Place    | Note
-------+----------+-------------------------------------------
     0 | D:1      | Zeldest the Formicid Hexslinger began the quest for the
                  | Orb.
     0 | D:1      | Reached XP level 1. HP: 15/15 MP: 2/2
   132 | D:1      | Found a faded altar of an unknown god.
   148 | D:1      | Prayed at the altar of an unknown god.
   148 | D:1      | Became a worshipper of Yredelemnul the Dark
   148 | D:1      | Reached * piety under Yredelemnul
   158 | D:1      | Reached skill level 1 in Armour
   158 | D:1      | Reached XP level 2. HP: 18/22 MP: 3/3
   556 | D:1      | Found Niajig's One-of-a-Kind Rings.
   719 | D:2      | Reached skill level 1 in Invocations
   771 | D:2      | Reached XP level 3. HP: 27/27 MP: 4/4
  1011 | D:2      | Found an ornate altar of the Wu Jian Council.
  1130 | D:2      | You are sucked into a shaft and drop 1 floor!
  1289 | D:3      | Noticed Robin
  1303 | D:3      | Reached XP level 4. HP: 32/34 MP: 5/5
  1308 | D:3      | Reached ** piety under Yredelemnul
  1309 | D:3      | Killed Robin
  1454 | D:3      | Your ally Robin died
  1961 | D:2      | Reached XP level 5. HP: 21/41 MP: 6/6
  3329 | D:4      | Reached XP level 6. HP: 10/47 MP: 8/8
  3335 | D:4      | HP: 2/47 [scorpion (1)]
  3337 | D:4      | Succumbed to a scorpion's poison

Illustrated notes

Levels and vault maps discovered:
D:1:      minmay_arrival_widening_spiral_wide, layout_basic,
          basic_ecumenical_altar, serial_bayou_pond_e, nicolae_shop_unique_rings
D:2:      wander_river, layout_loops_ring, basic_altar
D:3:      layout_basic, kennysheep_generic_room_4, uniq_robin
D:4:      layout_loops_cross, uniq_eustachio

Skill      XL: |  1  2  3  4  5 |
---------------+----------------+-----
Armour         | 1 2 3 |  3.3
Invocations    | 1 2 3 |  3.3
Fighting       | 2 3 |  3.6
Ranged Weapons | |  2.0
Dodging        | |  1.7
Spellcasting   | |  1.1
Hexes          | |  3.6

Action                     |  1- 3 |  4- 6 || total
---------------------------+-------+-------++-------
  Melee: Hand axe          |    28 |   143 ||   171
         Punch             |       |     1 ||     1
   Fire: Sling             |    43 |       ||    43
    Use: Potion            |     1 |     3 ||     4
   Stab: Sleeping          |     1 |       ||     1
         Distracted        |       |     2 ||     2
 Armour: Robe              |     8 |     8 ||    16
         Skin              |    25 |    14 ||    39
         Scale mail        |       |    80 ||    80
  Dodge: Dodged            |    29 |   114 ||   143

Table legend: (Time is in decaauts)
 A = Elapsed time spent in this place.
 B = Non-inter-level travel time spent in this place.
 C = Inter-level travel time spent in this place.
 D = Time resting spent in this place.
 E = Time spent auto-exploring this place.
 F = Levels seen in this place.
 G = Mean time per level.
                   A        B        C        D        E       F      G
               +--------+--------+--------+--------+--------+-----+--------+
         Total |   3401 |   2994 |    407 |    498 |   1880 |   4 |  850.2 |
       Dungeon |   3401 |   2994 |    407 |    498 |   1880 |   4 |  850.2 |
               +--------+--------+--------+--------+--------+-----+--------+

Top non-repeatable levels by time:
     D:2: 921 daAuts
     D:3: 909 daAuts
     D:1: 852 daAuts
     D:4: 719 daAuts
